 Dungeon Crawl Stone Soup version 0.31.0-32-g396128a36d (webtiles) character file.

Game seed: 17813118283665734206

1659 PaiMei the Chopper (level 9, -2/79 HPs)
             Began as a Hill Orc Fighter on Mar 14, 2024.
             Was a Believer of Beogh.
             Succumbed to an orc's poison
             ... on level 6 of the Dungeon.
             The game lasted 00:08:17 (7995 turns).

PaiMei the Chopper (Hill Orc Fighter)               Turns: 7995, Time: 00:08:17

Health: -2/79      AC:  7    Str: 23    XL:     9   Next: 0%
Magic:  9/9        EV:  9    Int:  8    God:    Beogh [**....]
Gold:   260        SH:  5    Dex: 10    Spells: 8/8 levels left

rFire   + . .        a - +0 war axe
rCold   . . .        c - +0 buckler
rNeg    . . .        b - +0 scale mail
rPois   .            (no helmet)
rElec   .            (no cloak)
rCorr   .            (no gloves)
SInv    .            (no boots)
Will    .....        (no amulet) Stlth
                     u - ring of protection from fire
HPRegen 0.33/turn    (no ring)
MPRegen 0.11/turn

%: no passive effects
@: lethally poisoned (-2 -> -18)
A: no striking features
a: Renounce Religion, Smiting


You were on level 6 of the Dungeon.
You worshipped Beogh.
Beogh was pleased with you.
You visited 1 branch of the dungeon, and saw 6 of its levels.
You also visited: Sewer.

You collected 260 gold pieces.

Inventory:

Hand Weapons
 a - a +0 war axe (weapon)
Missiles
 l - 8 curare-tipped darts (quivered)
 w - 10 poisoned darts
Armour
 b - a +0 scale mail (worn)
 c - a +0 buckler (worn)
 v - a +0 chain mail
Jewellery
 u - a ring of protection from fire (left hand)
 y - a ring of wizardry
Wands
 r - a wand of paralysis (12)
 B - a wand of flame (19)
Scrolls
 e - 2 scrolls of identify {unknown}
 f - 2 scrolls of teleportation {unknown}
 i - a scroll of noise {unknown}
 j - a scroll of immolation {unknown}
 m - a scroll of brand weapon {unknown}
 n - a scroll of poison {unknown}
 t - 2 scrolls of enchant armour {unknown}
 x - a scroll of fear {unknown}
 A - a scroll of fog {unknown}
Potions
 d - a potion of might
 g - 4 potions of enlightenment
 h - a potion of lignification {unknown}
 k - a potion of mutation {unknown}
 o - a potion of cancellation {unknown}
 p - 4 potions of degeneration {unknown}
 q - a potion of resistance {unknown}
 s - 3 potions of curing
 z - 2 potions of magic {unknown}
 C - 2 potions of heal wounds


   Skills:
 + Level 7.5 Fighting
 + Level 7.7 Axes
 + Level 6.9 Armour
 + Level 6.9 Shields


You had 8 spell levels left.
You didn't know any spells.
Your spell library contained the following spells:

 Spells                   Type           Power      Damage    Failure   Level
 Apportation              Tloc           0%         N/A       75%         1
 Cigotuvi's Dreadful Rot  Necr/Alch/Air  0%         N/A       87%         2
 Jinxbite                 Hex            0%         N/A       87%         2
 Gell's Gravitas          Tloc           0%         N/A       98%         3
 Teleport Other           Tloc           0%         N/A       98%         3
 Ignite Poison            Fire/Alch      0%         N/A       100%        4
 Alistair's Intoxication  Alch           0%         N/A       100%        5
 Freezing Cloud           Conj/Ice/Air   0%         6-21      100%        5
 Dispersal                Tloc           0%         N/A       100%        6


Dungeon Overview and Level Annotations

Branches:
Dungeon (6/15)             Temple (0/1) D:4           Sewer (visited)

Altars:
Kikubaaqudgha
The Shining One

Shops:
D:4 :


Message History

The kobold is moderately wounded.
You feel sick. The kobold hits you but does no damage.
You slash the kobold!
You kill the kobold!
Beogh accepts your kill.
You feel sick.
You are no longer poisoned.
You barely miss the orc. You block the orc's attack.
You hit the orc.
The orc is moderately wounded.
The orc hits you with a +2 dagger of venom.
* * * LOW HITPOINT WARNING * * *
You are poisoned.
You barely miss the orc.
The orc is moderately wounded.
You feel very sick. The orc barely misses you.
You closely miss the orc.
The orc is moderately wounded.
You feel sick. You block the orc's attack.
You closely miss the orc.
The orc is moderately wounded.
You feel sick. The orc hits you but does no damage.
You are more poisoned.
The orc hits you with a +2 dagger of venom.
* * * LOW HITPOINT WARNING * * *
You are lethally poisoned!
You hit the orc.
The orc is heavily wounded.
* * * LOW HITPOINT WARNING * * *
You feel very sick. The orc hits you but does no damage.
You are more poisoned.
You slash the orc!
You kill the orc!
Beogh accepts your kill.
* * * LOW HITPOINT WARNING * * *
You feel extremely sick.
You hit the bombardier beetle but do no damage.
You die...

##..........#
#####....###...#
........#####..##
###.............. #
###............ #.
##########... #.
#### #...
#.####..## ##..)
#.@B....## ###....
######...####......
##..>....#####. #
##..##..### ##.
##.#
##..###..######..
KKK..##K.##
##......... #....##
#######... ##.K.#
##.# #...# #.#


You could see a bombardier beetle.

Vanquished Creatures
  Grinder (D:5)
  A wyvern (D:5)
  A water moccasin (D:6)
  An ice beast (D:4)
  An ogre (D:4)
  A phantom (D:6)
  A kobold brigand (Sewer)
  Blork the orc (D:5)
  A scorpion (D:4)
  A bombardier beetle (D:5)
  3 orc priests
  3 hounds
  A sleepcap (D:6)
  Terence (D:3)
  4 iguanas
  8 orc wizards
  4 adders
  3 gnolls (D:2)
  3 ribbon worms
  20 orcs
  5 endoplasms
  2 giant cockroaches
  7 goblins
  11 hobgoblins
  5 jackals
  6 quokkas
  7 ball pythons
  2 bats
  2 frilled lizards
  3 frilled lizard zombies (D:4)
  13 kobolds
  11 rats
134 creatures vanquished.

Notes
Turn   | Place    | Note
-------+----------+-------------------------------------------
     0 | D:1      | PaiMei the Hill Orc Fighter began the quest for the Orb.
     0 | D:1      | Reached XP level 1. HP: 19/19 MP: 1/1
    29 | D:1      | Found a faded altar of an unknown god.
   128 | D:1      | Reached XP level 2. HP: 27/27 MP: 2/2
  1036 | D:1      | Reached XP level 3. HP: 25/33 MP: 3/3
  1399 | D:2      | Reached XP level 4. HP: 32/40 MP: 4/4
  2479 | D:3      | Noticed Terence
  2509 | D:3      | Killed Terence
  2582 | D:3      | Reached XP level 5. HP: 47/47 MP: 5/5
  2643 | D:3      | Became a worshipper of Beogh the Brigand
  3162 | D:3      | Identified the maw talisman "Natokhy" {Will+}
  3243 | D:4      | Found a glowing golden altar of the Shining One.
  3615 | D:4      | Noticed an ogre
  3661 | D:4      | Found a staircase to the Ecumenical Temple.
  3990 | D:4      | Noticed an ice beast
  4004 | D:4      | Killed an ice beast
  4005 | D:4      | Reached skill level 5 in Fighting
  4005 | D:4      | Reached XP level 6. HP: 25/56 MP: 6/6
  4061 | D:4      | Reached skill level 5 in Axes
  4339 | D:4      | Reached skill level 5 in Armour
  4339 | D:4      | Reached skill level 5 in Shields
  4458 | D:4      | Reached XP level 7. HP: 61/61 MP: 7/7
  4500 | D:4      | Found an ancient bone altar of Kikubaaqudgha.
  4761 | D:4      | Found Puyruyx's Book Boutique.
  4825 | D:5      | Entered Level 5 of the Dungeon
  5741 | D:5      | Reached * piety under Beogh
  5940 | D:5      | Noticed Blork the orc
  5945 | D:5      | Killed Blork the orc
  6037 | D:5      | Noticed Grinder
  6037 | D:5      | Paralysed by Grinder for 2 turns
  6045 | D:5      | Paralysed by Grinder for 5 turns
  6053 | D:5      | Killed Grinder
  6054 | D:5      | Reached XP level 8. HP: 33/71 MP: 8/8
  6263 | D:5      | Noticed a wyvern
  6277 | D:5      | Killed a wyvern
  7577 | D:6      | Found a glowing drain.
  7581 | Sewer    | Entered a sewer
  7593 | Sewer    | Reached ** piety under Beogh
  7885 | Sewer    | Found a white marble altar of Elyvilon.
  7980 | D:6      | Reached XP level 9. HP: 33/79 MP: 9/9
  7994 | D:6      | HP: 2/79 [poisoned by an orc]
  7995 | D:6      | Succumbed to an orc's poison

Illustrated notes

Levels and vault maps discovered:
D:1:      ldierk_walled_garden, layout_basic,
          shapermc_ecumenical_altar_starsandcircs, patterned_corridor
D:2:      layout_basic
D:3:      layout_basic, uniq_terence
D:4:      layout_loops_ring, lemuel_zombie_altar_kikubaaqudgha, tso_altar,
          minmay_temple_entry_statues_fountains, serial_shops,
          kennysheep_little_box
D:5:      layout_loops_corners, uniq_blork_the_orc, uniq_grinder
D:6:      layout_layer_cave, mainiacjoe_sewer_entry_somewhere_in_here_2

Skill      XL: |  1  2  3  4  5  6  7  8 |
---------------+-------------------------+-----
Axes           | 3 4 5 6 7 |  7.7
Fighting       | 4 5 6 7 |  7.5
Shields        | 4 5 6 |  6.9
Armour         | 4 5 6 |  6.9

Action                     |  1- 3 |  4- 6 |  7- 9 || total
---------------------------+-------+-------+-------++-------
  Melee: War axe           |    81 |   190 |   269 ||   540
 Invoke: Convert to Beogh  |       |     1 |       ||     1
 Armour: Scale mail        |    48 |   161 |   197 ||   406
  Dodge: Dodged            |    43 |    80 |    91 ||   214
  Block: Buckler           |    22 |    43 |    56 ||   121
